 Dungeon Crawl Stone Soup version 0.31-a0-702-gf82c85558f (webtiles) character file.

Game seed: 17559091938204893017

80 qw the Shooter (level 4, -11/28 HPs)
             Began as a Gargoyle Hunter on Sept 8, 2023.
             Mangled by an ogre
             ... wielding a +0 giant spiked club
              (18 damage)
             ... on level 3 of the Dungeon.
             The game lasted 00:00:37 (1724 turns).

qw the Shooter (Gargoyle Hunter)                    Turns: 1724, Time: 00:00:38

Health: -11/28     AC: 13    Str: 15    XL:     4   Next: 39%
Magic:  4/4        EV: 11    Int:  9    God:
Gold:   125        SH:  0    Dex: 15    Spells: 3/3 levels left

rFire   . . .        Y - +0 shortbow
rCold   . . .        (shield currently unavailable)
rNeg    + . .        h - +0 ring mail
rPois   inf          (no helmet)
rElec   +            b - +0 cloak
rCorr   .            (no gloves)
SInv    .            (no boots)
Will    .....        (no amulet)
Stlth   +            d - +4 ring of protection
HPRegen 0.24/turn    j - +4 ring of slaying {mikee}
MPRegen 0.09/turn

%: no passive effects
@: no status effects
A: sickness immunity, AC +3, negative energy resistance 1, electricity
resistance, torment resistance 1, petrification resistance
a: no special abilities


You were on level 3 of the Dungeon.
You visited 1 branch of the dungeon, and saw 3 of its levels.

You collected 125 gold pieces.


Innate Abilities, Weirdness & Mutations

You are immune to sickness and miasma.
Your stone body is resilient. (AC +3)
You are immune to poison.
You resist negative energy. (rN+)
You are resistant to electric shocks. (rElec)
You are resistant to unholy torment.
You are immune to petrification.


   Skills:
 - Level 3.0 Fighting
 + Level 5.2 Ranged Weapons
 - Level 1.0 Armour
 - Level 1.5 Dodging
 - Level 1.1 Stealth


You had 3 spell levels left.
You didn't know any spells.
Your spell library was empty.

Inventory:

Hand Weapons
 Y - a +0 shortbow (weapon)
Armour
 b - a +0 cloak (worn)
 h - a +0 ring mail (worn)
 n - a +0 leather armour of fire resistance
Jewellery
 c - a +6 ring of strength
 d - a +4 ring of protection (left hand)
 e - a ring of fire
 j - a +4 ring of slaying (right hand) {mikee}
Scrolls
 m - a scroll of amnesia {unknown}
Potions
 a - a potion of berserk rage {unknown}
 f - a potion of brilliance {unknown}
 g - a potion of enlightenment
 i - a potion of invisibility {unknown}
 k - a potion of curing
 l - a potion of cancellation {unknown}

Dungeon Overview and Level Annotations

Branches:
Dungeon (3/15)

Altars:


Message History

There is a large open door here.
Found an escape hatch in the ceiling.
There is a large open door here.
There is a stone staircase leading down here.
m - a scroll labelled BONTARHEBU
Found a trident and a ring mail.
Found a plate armour.
Found a mace.
You now have 125 gold pieces (gained 19).
n - a +0 leather armour of fire resistance You open the door.
There is an open door here.
Found a stone staircase leading up.
Enter note:
Enter note:
There is an escape hatch in the floor here.
As you open the door, it creaks loudly!
There is an open door here.
You open the door.
There is an open door here.
A goblin and an ogre come into view.
The ogre shouts!
The goblin shouts!
You hear an angry hiss.
You shoot an arrow. The arrow barely misses the goblin.
The goblin closely misses you.
You shoot an arrow. The arrow hits the goblin.
You kill the goblin!
You shoot an arrow. The arrow hits the ogre.
The ogre is lightly wounded.
You shoot an arrow. The arrow hits the ogre.
The ogre is moderately wounded.
The ogre hits you with a +0 giant spiked club!!
Ouch! That really hurt!
You shoot an arrow. The arrow completely misses the ogre.
You shoot an arrow. The arrow completely misses the ogre.
The ogre barely misses you.
You shoot an arrow. The arrow hits the ogre.
The ogre is heavily wounded.
The ogre hits you with a +0 giant spiked club!!
Ouch! That really hurt!
You die...

.. ... ....
....########...
........O...... .......@#
. ........####.....
.##.........)....
#.....###......
#.....###...[...#
#...............#
#......#..#.....#
#########.#..+.....#
#...#...#....#.....######


You could see an ogre.

Vanquished Creatures
  2 adders (D:2)
  A dart slug (D:1)
  6 ball pythons
  6 endoplasms
  4 giant cockroaches
  5 goblins
  2 hobgoblins (D:2)
  9 jackals
  2 quokkas (D:1)
  3 bats (D:1)
  4 frilled lizards
  4 kobolds (D:2)
  4 rats
52 creatures vanquished.

Notes
Turn   | Place    | Note
-------+----------+-------------------------------------------
     0 | D:1      | qw the Gargoyle Hunter began the quest for the Orb.
     0 | D:1      | Reached XP level 1. HP: 12/12 MP: 1/1
     0 | D:1      | 0 ||| qw: Version: 0.3-a-76-g4403597
     0 | D:1      | 0 ||| qw: Game counter: 1137
     0 | D:1      | 0 ||| qw: Melee chars always use a shield: true
     0 | D:1      | 0 ||| qw: God list: Okawaru
     0 | D:1      | 0 ||| qw: Allow faded altars: false
     0 | D:1      | 0 ||| qw: Do Orc after clearing Dungeon:15 true
     0 | D:1      | 0 ||| qw: Do second Lair branch before Depths: true
     0 | D:1      | 0 ||| qw: Lair rune preference: random
     0 | D:1      | 0 ||| qw: Goals: Normal
     0 | D:1      | 0 ||| PLANNING D:1-11
    75 | D:1      | Reached XP level 2. HP: 17/17 MP: 2/2
   206 | D:1      | Reached XP level 3. HP: 21/21 MP: 3/3
   675 | D:1      | Reached skill level 5 in Ranged Weapons
   700 | D:1      | 700 ||| UPGRADING to +0 ring mail.
   710 | D:1      | 710 ||| DROPPING +0 leather armour.
   711 | D:1      | 711 ||| UPGRADING to +4 ring of protection.
   712 | D:1      | 712 ||| UPGRADING to +4 ring of slaying {mikee}.
   713 | D:1      | 713 ||| READING scroll labelled BUXELU AGAFUZE.
   714 | D:1      | 714 ||| DRINKING 2 viscous yellow potions.
   715 | D:1      | 715 ||| DROPPING scroll of butterflies.
   859 | D:2      | Reached skill level 1 in Armour
   989 | D:2      | Reached XP level 4. HP: 27/27 MP: 4/4
  1219 | D:2      | Reached skill level 3 in Fighting
  1512 | D:2      | 1512 ||| UPGRADING to +0 cloak.
  1517 | D:2      | 1517 ||| DROPPING amulet of magic regeneration.
  1518 | D:2      | 1518 ||| DROPPING ring of protection from cold.
  1519 | D:2      | 1519 ||| DRINKING 2 sedimented emerald potions.
  1538 | D:3      | 1538 ||| STAIRDANCE
  1717 | D:3      | Noticed an ogre
  1721 | D:3      | HP: 6/28 [ogre/+0 giant spiked club (22)]
  1724 | D:3      | Mangled by an ogre

Levels and vault maps discovered:
D:1:      nzn_arrival_crosshair, layout_loops_ring, hex_large
D:2:      layout_basic
D:3:      layout_basic

Skill      XL: |  1  2  3  4 |
---------------+-------------+-----
Ranged Weapons | 5 |  5.2
Armour         | 1 |  1.0
Fighting       | 3 |  3.0
Dodging        | |  1.5
Stealth        | |  1.1

Action                     |  1- 3 |  4- 6 || total
---------------------------+-------+-------++-------
   Fire: Shortbow          |   107 |    32 ||   139
    Use: Potion            |     1 |     1 ||     2
         Scroll            |     1 |       ||     1
 Armour: Leather armour    |    16 |       ||    16
         Ring mail         |     8 |    33 ||    41
  Dodge: Dodged            |    25 |    33 ||    58

Table legend:
 A = Non-vault XP
 B = Vault XP
 C = Vault XP percentage of total XP
 D = Non-vault monster count
 E = Vault monster count
 F = Vault count percentage of total count
                 A         B        C        D         E       F
            +---------+---------+-------+---------+---------+-------
      Total |     115 |       0 |   0.0 |      52 |       0 |   0.0
            +---------+---------+-------+---------+---------+-------
        D:1 |      44 |       0 |   0.0 |      25 |       0 |   0.0
        D:2 |      61 |       0 |   0.0 |      22 |       0 |   0.0
        D:3 |      10 |       0 |   0.0 |       5 |       0 |   0.0
            +---------+---------+-------+---------+---------+-------
